 Dungeon Crawl Stone Soup version 0.30.1-3-gfc49f6343a (webtiles) character file.

Game seed: 11668217295811170742

338 Zeor the Slasher (level 6, 0/46 HPs)
             Began as a Demonspawn Gladiator on Aug 6, 2023.
             Killed by nerve-wracking pain
             ... invoked by Grinder
              (3 damage)
             ... while paralysed by Grinder
             ... on level 4 of the Dungeon.
             The game lasted 00:08:06 (2334 turns).

Zeor the Slasher (Demonspawn Gladiator)             Turns: 2334, Time: 00:08:07

Health: 0/46       AC:  0    Str: 15    XL:     6   Next: 29%
Magic:  6/6        EV:  3    Int:  9    God:
Gold:   165        SH:  0    Dex: 14    Spells: 5/5 levels left

rFire   . . .        a - melded +2 long sword (protect)
rCold   . . .        (shield currently unavailable)
rNeg    . . .        b - melded +0 leather armour
rPois   .            (helmet currently unavailable)
rElec   .            c - melded +0 cloak {rPois}
rCorr   .            (gloves currently unavailable)
SInv    .            (boots currently unavailable)
Will    .....        j - amulet of regeneration
Stlth   ++           f - melded ring of resist corrosion
HPRegen 1.07/turn    g - melded +5 ring of evasion
MPRegen 0.10/turn

%: clarity
@: paralysed, mighty, pig-form, very quick
A: fast, no casting, small, (antennae 1), (hooves 1), ignite blood 1, clarity,
clumsy 1
a: no special abilities


You were on level 4 of the Dungeon.
You were a filthy swine.
You visited 1 branch of the dungeon, and saw 4 of its levels.

You collected 165 gold pieces.

Inventory:

Hand Weapons
 a - a +2 long sword of protection (melded)
Missiles
 d - 2 throwing nets (quivered)
 k - a javelin
Armour
 b - a +0 leather armour (melded)
 c - a +0 cloak of poison resistance (melded)
 n - the +5 tower shield "Cuenaydgh" {rF- Str+8 SInv}
   (You found it on level 4 of the Dungeon)

   Str:       It affects your strength (+8).
   rF:        It makes you vulnerable to fire.
   SInv:      It lets you see invisible.
Jewellery
 f - a ring of resist corrosion (melded)
 g - a +5 ring of evasion (melded)
 j - an amulet of regeneration (around neck)
Scrolls
 e - 2 scrolls of identify
 h - 3 scrolls of teleportation
 l - a scroll of fear


   Skills:
 + Level 2.6 Fighting
 * Level 5.4 Long Blades
 + Level 1.8 Throwing
 + Level 1.5 Armour
 + Level 3.4 Dodging
 + Level 1.1 Stealth


You had 5 spell levels left.
You didn't know any spells.
Your spell library was empty.

Dungeon Overview and Level Annotations

Branches:
Dungeon (4/15)
 Temple: D:4-7

Altars:
Gozag
Uskayaw

Portals:
Abyss: D:3

Annotations:
D:2 1 runed translucent door, Crazy Yiuf
D:3 2 transporters, cdecastro's ghost, amateur AtWr
D:4 Grinder


Innate Abilities, Weirdness & Mutations

You are a filthy swine.
You move quickly.
Your equipment is almost entirely melded.
You are incapable of wielding weapons or throwing items.
You cannot cast spells.
((You have a pair of small antennae on your head.))
((You have large cloven feet.))
Your demonic aura sometimes causes spilled blood to erupt in flames.
You possess an exceptional clarity of mind.
You are clumsy. (Dex -2)


Message History

You closely miss Grinder.
Grinder is severely wounded.
Grinder completely misses you.
You closely miss Grinder.
Grinder is severely wounded.
Grinder closely misses you.
You hit Grinder.
Grinder is severely wounded.
You hit Grinder but do no damage.
Grinder is severely wounded.
Grinder hits you.
You hit Grinder but do no damage.
Grinder is severely wounded.
Grinder hits you!
You writhe in agony.
You are too injured to fight recklessly!
You are too injured to fight recklessly!
You hit Grinder but do no damage.
Grinder is severely wounded.
Grinder hits you.
You writhe in agony.
You barely miss Grinder.
Grinder is severely wounded.
Grinder hits you.
You writhe in agony.
* * * LOW HITPOINT WARNING * * *
It was a potion of curing.
You feel better. Grinder hits you!
* * * LOW HITPOINT WARNING * * *
You writhe in agony.
* * * LOW HITPOINT WARNING * * *
You feel very mighty all of a sudden. Grinder barely misses you.
You hit Grinder.
Grinder is severely wounded.
Grinder hits you.
* * * LOW HITPOINT WARNING * * *
You hit Grinder.
Grinder is almost dead.
Grinder gestures at you.
You suddenly lose the ability to move!
Grinder gestures at you. Pain shoots through your body!
You die...

▒▒ ▒▒▒∙∙▒▒▒▒
∙∙∙∙∙∙(∙▒▒▒▒▒▒▒▒
▒∙▒▒▒▒▒h∙∙∙∙∙>∙∙
▒▒▒5∙▒▒▒▒▒▒▒
▒∙∙∙∙▒▒▒▒▒▒▒
▒∙∙∙∙∙∙∙∙∙∙▒
▒∙∙∙▒▒▒▒▒▒∙▒
▒∙∙∙▒ ▒∙▒


∙∙∙∙∙∙ ▒∙▒ ▒▒▒▒∙▒▒ ▒∙▒▒▒■▒▒ ▒∙ ▒∙▒▒∙∙∙▒▒ You could see Grinder.

Vanquished Creatures
  Sigmund (D:2)
  Jessica (D:2)
  3 gnolls (D:3)
  2 adders (D:2)
  2 worms (D:2)
  4 dart slugs
  8 endoplasms
  5 giant cockroaches
  9 goblins
  7 hobgoblins
  6 kobolds
  4 quokkas
  4 ball pythons
  8 bats
  14 frilled lizards (D:1)
  2 rats
80 creatures vanquished.

Notes
Turn   | Place    | Note
-------+----------+-------------------------------------------
     0 | D:1      | Zeor the Demonspawn Gladiator began the quest for the Orb.
     0 | D:1      | Reached XP level 1. HP: 16/16 MP: 1/1
   168 | D:1      | Discovered your monstrous ancestry.
   168 | D:1      | Gained mutation: You have large cloven feet. [demonic
                  | ancestry]
   168 | D:1      | Reached XP level 2. HP: 22/22 MP: 2/2
   178 | D:1      | Reached skill level 3 in Long Blades
   337 | D:1      | Reached XP level 3. HP: 27/27 MP: 3/3
   884 | D:2      | Found a runed translucent door.
   885 | D:2      | Noticed Crazy Yiuf
  1022 | D:2      | Noticed Jessica
  1029 | D:2      | Killed Jessica
  1030 | D:2      | Gained mutation: Your demonic aura sometimes causes spilled
                  | blood to erupt in flames. [demonic ancestry]
  1030 | D:2      | Reached XP level 4. HP: 33/33 MP: 4/4
  1039 | D:2      | Reached skill level 4 in Long Blades
  1062 | D:2      | Noticed Sigmund
  1120 | D:2      | Found a faded altar of an unknown god.
  1141 | D:2      | Gained mutation: You are vulnerable to heat. (rF-) [potion
                  | of mutation]
  1141 | D:2      | Gained mutation: You are partially covered in iridescent
                  | scales. (AC +2) [potion of mutation]
  1141 | D:2      | Gained mutation: You expend magic power (3 MP) to
                  | strengthen your wands. [potion of mutation]
  1157 | D:2      | Killed Sigmund
  1158 | D:2      | Reached skill level 5 in Long Blades
  1158 | D:2      | Reached skill level 1 in Armour
  1158 | D:2      | Reached skill level 1 in Stealth
  1158 | D:2      | Reached XP level 5. HP: 21/39 MP: 5/5
  1408 | D:2      | Gained mutation: You have a pair of small antennae on your
                  | head. [demonic ancestry]
  1408 | D:2      | Reached XP level 6. HP: 46/46 MP: 6/6
  1447 | D:2      | Identified a scroll of acquirement
  1447 | D:2      | Acquired a +0 cloak of poison resistance
  1508 | D:2      | Found an opulent altar of Gozag.
  1943 | D:3      | Found a transporter.
  1951 | D:3      | Lost mutation: You are vulnerable to heat. (rF-) [potion of
                  | mutation]
  1951 | D:3      | Lost mutation: You are partially covered in iridescent
                  | scales. (AC +2) [potion of mutation]
  1951 | D:3      | Lost mutation: You expend magic power (3 MP) to strengthen
                  | your wands. [potion of mutation]
  1951 | D:3      | Gained mutation: You are clumsy. (Dex -2) [potion of
                  | mutation]
  1951 | D:3      | Gained mutation: You possess an exceptional clarity of
                  | mind. [potion of mutation]
  1991 | D:3      | Found a one-way gate to the infinite horrors of the Abyss.
  1991 | D:3      | Noticed cdecastro's ghost (amateur AtWr)
  2002 | D:3      | Found a transporter.
  2125 | D:3      | Found a hide-covered altar of Uskayaw.
  2300 | D:4      | Identified the +5 tower shield "Cuenaydgh" {rF- Str+8 SInv}
  2314 | D:4      | Noticed Grinder
  2332 | D:4      | HP: 1/46 [Grinder (6)]
  2333 | D:4      | Paralysed by Grinder for 4 turns
  2334 | D:4      | Killed from afar by Grinder

Illustrated notes

Levels and vault maps discovered:
D:1:      saegor_arrival_simple_a, layout_loops_ring, minmay_lizard_king
D:2:      layout_basic, hellmonk_ecumenical_altar_arch_garden, basic_altar,
          uniq_crazy_yiuf_cottage, uniq_jessica, uniq_sigmund
D:3:      layout_rooms, lemuel_crystal_altar, gammafunk_ghost_abyssal_escape,
          st_stairs_6
D:4:      layout_loops_corners, nicolae_yredelemnul_ghost_church,
          gammafunk_ghost_stat_death, grunt_ministairs_4,
          chequers_serial_rivers_small_b, nicolae_nh_oracle_at_delphi,
          uniq_grinder

Skill      XL: |  1  2  3  4 |
---------------+-------------+-----
Dodging        | 3 |  3.4
Long Blades    | 3 5 |  5.4
Armour         | 1 |  1.5
Stealth        | 1 |  1.1
Fighting       | |  2.6
Throwing       | |  1.8

Action                     |  1- 3 |  4- 6 || total
---------------------------+-------+-------++-------
  Melee: Long sword        |   104 |   102 ||   206
         Kick              |    18 |    21 ||    39
         Unarmed           |       |    10 ||    10
  Throw: Javelin           |       |     1 ||     1
         Throwing net      |       |     1 ||     1
    Use: Scroll            |     3 |    10 ||    13
         Potion            |       |     6 ||     6
   Stab: Sleeping          |     2 |     2 ||     4
 Armour: Leather armour    |    34 |    29 ||    63
  Dodge: Dodged            |    68 |    84 ||   152
